 Dungeon Crawl Stone Soup version 0.30-a0-760-g5a9884bb7c (webtiles) character file.

Game seed: 16759010683902999757

106 Sabo the Chopper (level 4, -1/32 HPs)
             Began as a Gnoll Wanderer on Feb 11, 2023.
             Slain by a gnoll
             ... wielding a +0 spear
              (5 damage)
             ... on level 3 of the Dungeon.
             The game lasted 00:14:41 (3124 turns).

Sabo the Chopper (Gnoll Wanderer)                   Turns: 3124, Time: 00:14:42

Health: -1/32      AC:  5    Str:  9    XL:     4   Next: 84%
Magic:  8/8        EV: 11    Int: 16    God:
Gold:   108        SH:  0    Dex: 11    Spells: 5/9 levels left

rFire   . . .      SeeInvis .    a - +2 hand axe
rCold   . . .      Faith    .    (no shield)
rNeg    . . .      Spirit   .    d - +0 robe
rPois   .          Reflect  .    (no helmet)
rElec   .          Harm     .    q - +2 cloak
rCorr   .          Rampage  .    (no gloves)
Will    .....                    (no boots)
Stlth   ++                       (no amulet)
HPRegen 0.25/turn                (no ring)
MPRegen 0.11/turn                (no ring)

@: no status effects
A: fangs 1, strong nose, distributed training
a: no special abilities


You were on level 3 of the Dungeon.
You visited 1 branch of the dungeon, and saw 3 of its levels.

You collected 108 gold pieces.

Inventory:

Hand Weapons
 a - a +2 hand axe (weapon)
 f - a +0 war axe
 n - a +0 sling
Missiles
 g - 3 poisoned darts (quivered)
Armour
 d - a +0 robe (worn)
 q - a +2 cloak (worn)
Jewellery
 r - a +5 ring of evasion
Wands
 b - a wand of flame (7)
Scrolls
 h - a scroll of butterflies
 j - 2 scrolls of identify {unknown}
 k - a scroll of enchant armour {unknown}
 l - a scroll of fear
 m - a scroll of poison {unknown}
 p - a scroll of vulnerability {unknown}
Potions
 e - 2 potions of magic {unknown}
 i - a potion of mutation {unknown}
 o - a potion of curing {unknown}


   Skills:
 + Level 1.3 Fighting
 + Level 1.3 Short Blades
 + Level 1.3 Long Blades
 + Level 6.6 Axes
 + Level 1.3 Maces & Flails
 + Level 1.3 Polearms
 + Level 1.3 Staves
 + Level 1.3 Ranged Weapons
 + Level 1.3 Throwing
 + Level 2.8 Armour
 + Level 1.3 Dodging
 + Level 2.6 Stealth
 + Level 1.3 Shields
 + Level 1.3 Unarmed Combat
 + Level 3.1 Spellcasting
 + Level 1.0 Conjurations
 + Level 1.0 Hexes
 + Level 1.0 Summonings
 + Level 1.0 Necromancy
 + Level 1.0 Translocations
 + Level 1.0 Transmutations
 + Level 1.0 Fire Magic
 + Level 3.9 Ice Magic
 + Level 1.0 Air Magic
 + Level 1.0 Earth Magic
 + Level 1.0 Poison Magic
 + Level 1.4 Invocations
 + Level 4.7 Evocations


You had 5 spell levels left.
You knew the following spells:

 Your Spells              Type           Power      Damage    Failure   Level
a - Freeze                Ice            60%        1d7       3%          1
b - Hailstorm             Conj/Ice       10%        3d5       21%         3

Your spell library contained the following spells:

 Spells                   Type           Power      Damage    Failure   Level
 Ensorcelled Hibernation  Hex/Ice        20%        N/A       10%         2
 Spider Form              Tmut/Pois      5%         N/A       34%         3
 Anguish                  Hex/Necr       2%         N/A       75%         4


Dungeon Overview and Level Annotations

Branches:
Dungeon (3/15)

Altars:
Trog


Innate Abilities, Weirdness & Mutations

You have very sharp teeth.
Your uncanny sense of smell can sniff out nearby items.
Your experience applies equally to all skills.


Message History

You closely miss the hobgoblin.
A hobgoblin comes into view. It is wielding a +0 club.
The hobgoblin closely misses you. The hobgoblin hits you with a +0 club.
* * * LOW HITPOINT WARNING * * *
You feel much better.
A gnoll comes into view. It is wielding a +0 club.
The hobgoblin barely misses you. The hobgoblin hits you with a +0 club.
You hit the hobgoblin.
You kill the hobgoblin!
You barely miss the hobgoblin. You hit the goblin.
You kill the goblin!
You barely miss the goblin. You hit the hobgoblin.
The goblin closely misses you. The gnoll closely misses you.
The hobgoblin closely misses you.
You hit the hobgoblin.
You kill the hobgoblin!
You hit the goblin but do no damage. The goblin barely misses you.
The gnoll hits you from afar with a +0 spear.
The goblin hits you but does no damage. The gnoll hits you with a +0 spear.
The goblin completely misses you.
Things that are here:
a +0 club; a +0 club You hit the goblin but do no damage.
You hit the goblin. You hit the gnoll. The goblin hits you with a +0 club.
The goblin closely misses you. The gnoll hits you with a +0 spear.
You hit the goblin. Your bite misses the goblin.
The goblin is moderately wounded.
You hit the gnoll but do no damage. You barely miss the goblin.
You hit the gnoll. The goblin barely misses you.
The gnoll hits you with a +0 club. The goblin hits you with a +0 club.
* * * LOW HITPOINT WARNING * * *
The gnoll closely misses you.
You hit the goblin.
You kill the goblin!
You hit the gnoll. You barely miss the gnoll. You miss the goblin.
The gnoll hits you with a +0 club.
* * * LOW HITPOINT WARNING * * *
The gnoll hits you with a +0 spear.
You die...

.................................
.................................
~~~~~....~..~~~.~~.~~~~~..~~.~.~~
~~~~~~~~~~~~≈~~~≈~~~≈~~~~~~≈≈~~~≈
≈≈≈≈≈≈≈≈≈≈≈≈≈≈≈≈≈≈≈≈≈≈≈≈~≈~≈≈≈≈≈≈
≈≈≈≈≈≈≈≈≈≈≈≈≈≈≈≈≈≈≈≈≈#####≈≈≈≈≈≈≈
###################### #≈≈≈≈≈≈≈
#......))).g...# #≈≈≈≈≈≈≈
+.......!)@g.r.# #≈≈≈≈≈≈≈
#######.....))))ggg..#
..........########......
..........# ...... ..........#
..... #######....... ..##'
+........ .# #........ .#
#########


You could see 2 gnolls, 2 hobgoblins, a goblin and a rat.

Vanquished Creatures
  2 adders (D:2)
  2 worms
  2 dart slugs (D:2)
  4 orcs (D:3)
  3 ball pythons
  2 bats
  An endoplasm (D:1)
  2 giant cockroaches
  16 goblins
  11 hobgoblins
  3 jackals (D:1)
  5 kobolds
  4 quokkas
  5 frilled lizards
  6 rats
68 creatures vanquished.

Notes
Turn   | Place    | Note
-------+----------+-------------------------------------------
     0 | D:1      | Sabo the Gnoll Wanderer began the quest for the Orb.
     0 | D:1      | Sabo set off with the following items: a +2 hand axe, a
                  | wand of flame (7), a potion of heal wounds, a +0 robe; and
                  | the following spell memorised: Freeze; and the following
                  | spells available to memorise: Hailstorm.
     0 | D:1      | Reached XP level 1. HP: 13/13 MP: 4/4
   248 | D:1      | Reached XP level 2. HP: 10/19 MP: 5/5
  1410 | D:2      | Reached XP level 3. HP: 25/25 MP: 7/7
  1417 | D:2      | Learned a level 3 spell: Hailstorm
  1451 | D:2      | Reached skill level 1 in Invocations
  1699 | D:2      | Reached skill level 1 in Fighting
  1699 | D:2      | Reached skill level 1 in Short Blades
  1699 | D:2      | Reached skill level 1 in Long Blades
  1699 | D:2      | Reached skill level 1 in Maces & Flails
  1699 | D:2      | Reached skill level 1 in Polearms
  1699 | D:2      | Reached skill level 1 in Staves
  1699 | D:2      | Reached skill level 1 in Ranged Weapons
  1699 | D:2      | Reached skill level 1 in Throwing
  1699 | D:2      | Reached skill level 1 in Dodging
  1699 | D:2      | Reached skill level 1 in Shields
  1699 | D:2      | Reached skill level 1 in Unarmed Combat
  1892 | D:2      | Reached XP level 4. HP: 19/32 MP: 5/8
  2387 | D:3      | Found a bloodstained altar of Trog.
  2602 | D:3      | Reached skill level 1 in Conjurations
  2602 | D:3      | Reached skill level 1 in Hexes
  2602 | D:3      | Reached skill level 1 in Summonings
  2602 | D:3      | Reached skill level 1 in Necromancy
  2602 | D:3      | Reached skill level 1 in Translocations
  2602 | D:3      | Reached skill level 1 in Transmutations
  2602 | D:3      | Reached skill level 1 in Fire Magic
  2602 | D:3      | Reached skill level 1 in Air Magic
  2602 | D:3      | Reached skill level 1 in Earth Magic
  2602 | D:3      | Reached skill level 1 in Poison Magic
  3124 | D:3      | Slain by a gnoll

Illustrated notes

Levels and vault maps discovered:
D:1:      minmay_arrival_up_and_down, layout_basic, dreamdust_princess_corridor,
          minmay_hedge_maze
D:2:      layout_rooms, serial_glass, glass_columns_c, glass_columns_a
D:3:      minmay_goblin_kobold_castle, layout_loops_ring, trog_butcher_becter

Skill      XL: |  1  2  3  4 |
---------------+-------------+-----
Invocations    | 1 |  1.4
Fighting       | 1 |  1.3
Short Blades   | 1 |  1.3
Long Blades    | 1 |  1.3
Maces & Flails | 1 |  1.3
Polearms       | 1 |  1.3
Staves         | 1 |  1.3
Ranged Weapons | 1 |  1.3
Throwing       | 1 |  1.3
Dodging        | 1 |  1.3
Shields        | 1 |  1.3
Unarmed Combat | 1 |  1.3
Spellcasting   | 3 |  3.1
Conjurations   | 1 |  1.0
Hexes          | 1 |  1.0
Summonings     | 1 |  1.0
Necromancy     | 1 |  1.0
Translocations | 1 |  1.0
Transmutations | 1 |  1.0
Fire Magic     | 1 |  1.0
Air Magic      | 1 |  1.0
Earth Magic    | 1 |  1.0
Poison Magic   | 1 |  1.0
Axes           | |  6.6
Armour         | |  2.8
Stealth        | |  2.6
Ice Magic      | |  3.9
Evocations     | |  4.7

Action                     |  1- 3 |  4- 6 || total
---------------------------+-------+-------++-------
  Melee: Hand axe          |    88 |    63 ||   151
         Bite              |     5 |     3 ||     8
         Punch             |     1 |       ||     1
   Cast: Freeze            |    16 |    13 ||    29
    Use: Scroll            |       |     2 ||     2
         Potion            |       |     1 ||     1
   Stab: Sleeping          |     1 |     2 ||     3
         Distracted        |       |     1 ||     1
 Armour: Robe              |    22 |    25 ||    47
  Dodge: Dodged            |    40 |    46 ||    86

Table legend: (Time is in decaauts)
 A = Elapsed time spent in this place.
 B = Non-inter-level travel time spent in this place.
 C = Inter-level travel time spent in this place.
 D = Time resting spent in this place.
 E = Time spent auto-exploring this place.
 F = Levels seen in this place.
 G = Mean time per level.
                   A        B        C        D        E       F      G
               +--------+--------+--------+--------+--------+-----+--------+
         Total |   3121 |   3121 |      0 |    746 |      0 |   3 | 1040.3 |
       Dungeon |   3121 |   3121 |      0 |    746 |      0 |   3 | 1040.3 |
               +--------+--------+--------+--------+--------+-----+--------+

Top non-repeatable levels by time:
     D:1: 1336 daAuts
     D:3: 1054 daAuts
     D:2: 731 daAuts
